 Dungeon Crawl Stone Soup version 0.27.1-33-g824d729ab1 (webtiles) character file.

Game seed: 6615205590645908314

242 pkoi the Ruffian (level 5, 0/41 HPs)
             Began as a Draconian Gladiator on Dec 3, 2021.
             Slain by a scorpion (2 damage)
             ... on level 4 of the Dungeon.
             The game lasted 00:02:59 (2470 turns).

pkoi the Ruffian (Draconian Gladiator)              Turns: 2470, Time: 00:03:00

Health: 0/41       AC:  9    Str: 16    XL:     5   Next: 81%
Magic:  0/5        EV: 12    Int:  9    God:
Gold:   181        SH:  0    Dex: 13    Spells: 4/4 levels left

rFire    . . .     SeeInvis .     - Unarmed
rCold    . . .     Faith    .   (no shield)
rNeg     . . .     Spirit   +   (armour unavailable)
rPois    .         Reflect  .   a - +0 hat
rElec    .         Harm     .   (no cloak)
rCorr    .         Rampage  .   (no gloves)
Will     .....                  (no boots)
Stlth    +.........             e - amulet of guardian spirit
HPRegen  0.13/turn              f - +4 ring of protection
MPRegen  0.09/turn              (no ring)

@: lethally poisoned (0 -> -12), hasted, very quick
A: AC +5, unfitting armour, cold-blooded
a: no special abilities


You were on level 4 of the Dungeon.
You visited 1 branch of the dungeon, and saw 4 of its levels.

You collected 181 gold pieces.

Inventory:

Missiles
 b - 3 throwing nets (quivered)
Armour
 a - a +0 hat (worn)
Jewellery
 e - an amulet of guardian spirit (around neck)
 f - a +4 ring of protection (left hand)
 h - an amulet of reflection
Scrolls
 i - 2 scrolls of identify
 m - a scroll of vulnerability {unknown}
Potions
 c - a potion of might {unknown}
 d - 2 potions of haste
 g - a potion of mutation {unknown}
 j - a potion of invisibility {unknown}
 k - a potion of heal wounds {unknown}
 l - a potion of magic


   Skills:
 - Level 2.1 Fighting
 - Level 1.7 Throwing
 - Level 2.6 Dodging
 + Level 6.6 Unarmed Combat


You had 4 spell levels left.
You didn't know any spells.
Your spell library was empty.

Dungeon Overview and Level Annotations

Branches:
Dungeon (4/15)
 Temple: D:4-7

Altars:
Dithmenos
Kikubaaqudgha
Nemelex Xobeh
Ru
Wu Jian

Shops:
D:1 *[:(


Innate Abilities, Weirdness & Mutations

Your plain brown scales are hard. (AC +5)
You cannot fit into any form of body armour.
You are cold-blooded and may be slowed by cold attacks.


Message History

You feel sick.
The scorpion stings you but does no damage.
You hit the scorpion.
You tail-slap the scorpion, but do no damage.
The scorpion is moderately wounded.
You feel sick. The scorpion stings you.
You are more poisoned.
The scorpion poisons you!
You hit the scorpion.
The scorpion is moderately wounded.
You feel very sick. The scorpion barely misses you.
You hit the scorpion. You tail-slap the scorpion.
The scorpion is severely wounded.
You feel very sick. The scorpion stings you.
You are lethally poisoned!
The scorpion poisons you!
You hit the scorpion.
The scorpion is almost dead.
* * * LOW HITPOINT WARNING * * *
You feel very sick. The scorpion stings you!
* * * LOW HITPOINT WARNING * * *
You barely miss the scorpion.
Your tail-slap misses the scorpion.
The scorpion is almost dead.
* * * LOW HITPOINT WARNING * * *
You feel very sick. The scorpion barely misses you.
You hit the scorpion but do no damage.
The scorpion is almost dead.
* * * LOW HITPOINT WARNING * * *
You feel very sick.
The scorpion stings you but does no damage.
Unknown command.
It was a potion of haste.
You feel yourself speed up.
* * * LOW HITPOINT WARNING * * *
You feel very sick. The scorpion stings you.
You die...

#
#.##>#
#.# #
#.##.#
#.# #
#.# #.#
# ###
#.# #
#.# #
## #.#
####.+
#.####
##...+
#....##
..<..#
####@.#
##...#
##s#
###..#
..# #
....
#.# #
......
.# #
#######
## .≈≈≈
.≈.


You could see a scorpion.

Vanquished Creatures
  A black bear (D:2)
  Natasha (D:2)
  3 gnolls (D:2)
  A howler monkey skeleton (D:4)
  3 adders
  A worm (D:2)
  A dart slug (D:1)
  3 orcs (D:3)
  2 endoplasms (D:2)
  2 giant cockroaches
  5 goblins
  4 hobgoblins
  5 kobolds
  2 quokkas
  3 ball pythons
  2 bats (D:1)
  9 frilled lizards
  10 rats
58 creatures vanquished.

Vanquished Creatures (others)
  8 fungi (D:4)
  2 plants (D:2)
10 creatures vanquished.

Grand Total: 68 creatures vanquished

Notes
Turn   | Place    | Note
-------+----------+-------------------------------------------
     0 | D:1      | pkoi the Draconian Gladiator began the quest for the Orb.
     0 | D:1      | Reached XP level 1. HP: 17/17 MP: 1/1
   169 | D:1      | Found Dojomma's Book Boutique.
   324 | D:1      | Found Giewu's Antique Armour Shop.
   376 | D:1      | Reached XP level 2. HP: 24/24 MP: 2/2
   430 | D:1      | Found Xaruazuj's General Store.
   526 | D:1      | Found Caeriff's Antique Weapon Shop.
   797 | D:2      | Reached skill level 4 in Unarmed Combat
   814 | D:2      | Reached XP level 3. HP: 29/29 MP: 3/3
   946 | D:2      | Noticed Natasha
   952 | D:2      | Killed Natasha
  1227 | D:2      | Reached skill level 5 in Unarmed Combat
  1227 | D:2      | Reached XP level 4. HP: 36/36 MP: 4/4
  1499 | D:3      | Noticed a black bear
  1674 | D:2      | Killed a black bear
  1675 | D:2      | Reached skill level 6 in Unarmed Combat
  1675 | D:2      | Reached XP level 5. HP: 9/41 MP: 3/5
  2026 | D:3      | Found a sacrificial altar of Ru.
  2147 | D:3      | Found a sparkling altar of Nemelex Xobeh.
  2148 | D:3      | Found a shadowy altar of Dithmenos.
  2151 | D:3      | Found an ancient bone altar of Kikubaaqudgha.
  2187 | D:3      | Found an ornate altar of the Wu Jian Council.
  2470 | D:4      | HP: 2/41 [poisoned by a scorpion]
  2470 | D:4      | Slain by a scorpion

Illustrated notes

Levels and vault maps discovered:
D:1:      evilmike_arrival_home_sweet_home, layout_basic, serial_shops,
          nicolae_diamond_shop, shop, nicolae_shop_window_shopping, shop
D:2:      layout_basic, chequers_decorated_corner, serial_bayou_pond_b,
          uniq_natasha
D:3:      layout_rooms, nicolae_overflow_hidden_temple,
          mainiacjoe_overflow_24_doors, chequers_serial_rivers_small_3,
          minmay_misc_feat_hallway
D:4:      layout_loops_ring, serial_aquarium, aquarium_bridge_square
          [aquarium_subvault_window, aquarium_subvault_wall,
          aquarium_subvault_bridge, aquarium_subvault_wall],
          aquarium_window_fake, aquarium_window_3, aquarium_view_2d,
          aquarium_view_2g, aquarium_balcony_3b, gammafunk_ghost_cemetery,
          kennysheep_generic_room_12

Skill      XL: |  1  2  3  4 |
---------------+-------------+-----
Unarmed Combat | 4 5 6 |  6.6
Fighting       | |  2.1
Throwing       | |  1.7
Dodging        | |  2.6

Action                   |  1- 3 |  4- 6 || total
-------------------------+-------+-------++-------
Melee: Unarmed           |   116 |    99 ||   215
       Tailslap          |    12 |    17 ||    29
       Punch             |     2 |     2 ||     4
  Use: Potion            |       |     2 ||     2
       Scroll            |       |     3 ||     3
 Stab: Sleeping          |       |     2 ||     2
Armor: Skin              |    39 |    46 ||    85
Dodge: Dodged            |    56 |    54 ||   110
